 Dungeon Crawl Stone Soup version bcrawl-1.41.1 (webtiles) character file.

Game seed: 3741627405010000187

162815 Grimmash the Sneak (level 6, 47/47 HPs)
             Began as a Formicid Archaeologist on Apr 18, 2024.
             Quit the game on level 3 of the Dungeon.
             The game lasted 00:04:54 (3622 turns).

Grimmash the Sneak (Formicid Archaeologist)         Turns: 3622, Time: 00:04:55

Health: 47/47      AC: 15    Str: 15    XL:     6   Next: 93%
Magic:  15/15      EV: 11    Int: 14    God:
Gold:   157        SH:  0    Dex: 17    Spells: 5/5 levels left

rFire    . . .     GDR:     30% b - +0 hunting sling
rCold    . . .     SeeInvis +   (no shield)
rNeg     . . .     Gourm    .   w - +0 scale mail
rPois    +         Faith    .   (helmet unavailable)
rElec    .         Spirit   .   p - +0 cloak
rCorr    .         Reflect  .   g - +1 pair of gloves of Nitril {rPois MP+9 Str-2 Dex+8}
MR       .....                  d - +1 pair of boots
Stlth    ++........             (no amulet)
HPRegen  0.17/turn              o - ring of wizardry
MPRegen  0.14/turn              v - +4 ring of protection

@: no status effects
A: permanent stasis, dig shafts and tunnels, four strong arms, antennae 3
a: Dig, Shaft Self


You were on level 3 of the Dungeon.
You were not hungry.

You visited 1 branch of the dungeon, and saw 3 of its levels.

You collected 157 gold pieces.

Inventory:

Hand Weapons
 a - a +0 flail
 b - a +0 hunting sling (weapon)
 t - a +0 blowgun
Missiles
 h - 5 curare-tipped needles
 m - 480 sling bullets (quivered)
 n - 494 stones
 A - 78 bolts
Armour
 d - a +1 pair of boots (worn)
 g - the +1 pair of gloves of Nitril (worn) {rPois MP+9 Str-2 Dex+8}
   (You acquired it on level 3 of the Dungeon)

   It affects your strength (-2).
   It affects your dexterity (+8).
   It protects you from poison.
   It affects your magic capacity (+9).
 p - a +0 cloak (worn)
 q - a +0 chain mail
 w - a +0 scale mail (worn)
Jewellery
 o - a ring of wizardry (left hand)
 s - an uncursed ring of wizardry
 v - a +4 ring of protection (right hand)
Wands
 u - a wand of disintegration (15)
Scrolls
 c - a scroll of fear {unknown}
 f - a scroll of revelation
 i - 3 scrolls of identify
 j - 4 scrolls of remove curse {unknown}
 k - 5 scrolls of amnesia {unknown}
 y - a scroll of fog {unknown}
Potions
 l - a potion of lignification {unknown}
 r - 2 potions of brilliance {unknown}
 x - a potion of might {unknown}
 z - a potion of mutation {unknown}
 B - 2 potions of degeneration {unknown}
Comestibles
 e - 10 rations {!d}


   Skills:
 * Level 3.1 Fighting
 * Level 2.8 Maces & Flails
 + Level 3.2 Slings
 + Level 0.2(1.7) Throwing
 * Level 2.4 Armour
 * Level 3.6 Dodging
 + Level 4.5 Stealth


You had 5 spell levels left.
You didn't know any spells.
Your spell library was empty.

Dungeon Overview and Level Annotations

Branches:
Dungeon (3/12)

Altars:
Ashenzari
Gozag
Kikubaaqudgha
Trog


Innate Abilities, Weirdness & Mutations

You cannot be hasted, slowed, berserked, paralysed or teleported.
You can dig through walls and to a lower floor.
Your four strong arms can wield two-handed weapons with a shield.
You have a pair of large antennae on your head. (SInv)


Message History

There is an open door here.
There is a shaft here.
Key pressed, stopping explore.
No target in view!
You see here a leather armour.
All of the chunks of flesh in your inventory have rotted away.
You open the door.
There is an open door here.
You open the door.
There is an open door here.
The goblin shouts!
The goblin is too close now for your liking.
Firing (i - inventory. (/) - cycle)
m - 481 sling bullets (quivered)
Press: ? - help, Shift-Dir - straight line, f - goblin
Aim: a goblin, wielding a +0 dagger You shoot a sling bullet.
The sling bullet barely misses the goblin.
Wear which item? (? for menu, Esc to quit)
Okay, then.
Are you sure you want to abandon this character and quit the game? (Confirm with "yes".)

#..####.#####.##.#
#..####.# #.##.##
#..##...# #.#...##
#..##.#.# #......#
#..##.#.#####)#...##
#.............##.#####
#####.####............
#........#####)#####
#.#@####.# ##'## #.#.#
#.# ##...## #.#.#
#<###.....## #.#..
#g##.......## #.#..
#.#.........# #..g..
..'........[) #.#...
#.#.........#
.......##.......## {
##........##


You could see a goblin.

Vanquished Creatures
  3 orc priests
  A hound (D:3)
  3 orc wizards (D:3)
  Terence (D:2)
  An adder (D:3)
  An ooze (D:2)
  4 worms
  4 dart slugs
  4 leopard geckos
  9 orcs
  2 giant cockroaches
  3 goblins
  6 hobgoblins
  6 jackals
  A quokka (D:2)
  A ball python (D:1)
  3 bats (D:1)
  A frilled lizard (D:1)
  10 kobolds
  4 rats
68 creatures vanquished.

Notes
Turn   | Place    | Note
-------+----------+-------------------------------------------
     0 | D:1      | Grimmash the Formicid Archaeologist began the quest for the
                  | Orb.
     0 | D:1      | Reached XP level 1. HP: 15/15 MP: 1/1
     6 | D:1      | Noticed a swamp worm
     6 | D:1      | Noticed a polar bear
     7 | D:1      | Noticed a hound
   189 | D:1      | Reached XP level 2. HP: 19/21 MP: 2/2
   651 | D:1      | Reached XP level 3. HP: 26/26 MP: 3/3
  1222 | D:2      | Reached skill level 1 in Armour
  1548 | D:2      | Found a bloodstained altar of Trog.
  1590 | D:2      | Reached XP level 4. HP: 31/32 MP: 4/4
  1891 | D:2      | Noticed Terence
  1903 | D:2      | Killed Terence
  2028 | D:2      | Found an ancient bone altar of Kikubaaqudgha.
  2028 | D:2      | Found a shattered altar of Ashenzari.
  2414 | D:3      | Reached skill level 1 in Slings
  2509 | D:3      | Reached XP level 5. HP: 38/38 MP: 5/5
  2509 | D:3      | Identified a scroll of acquirement
  2518 | D:3      | Identified the +4 fustibalus "Micuttou" {venom, rF+} (You
                  | acquired it on level 3 of the Dungeon)
  2518 | D:3      | Identified the +1 pair of gloves of Nitril {rPois MP+9
                  | Str-2 Dex+8} (You acquired it on level 3 of the Dungeon)
  2518 | D:3      | Identified the amulet of Ocopoad {RegenMP *Contam rElec
                  | rPois rF+} (You acquired it on level 3 of the Dungeon)
  2830 | D:2      | Reached XP level 6. HP: 16/45 MP: 6/6
  2972 | D:3      | Found an opulent altar of Gozag.
  3622 | D:3      | Quit the game

Skill      XL: |  1  2  3  4  5  6 |
---------------+-------------------+-----
Dodging        | 3 |  3.6
Armour         | 1 2 |  2.4
Maces & Flails | 2 |  2.8
Slings         | 2 3 |  3.2
Fighting       | 2 3 |  3.1
Throwing       | |  0.2
Stealth        | |  4.5

Action                   |  1- 3 |  4- 6 || total
-------------------------+-------+-------++-------
Melee: Whip              |   168 |    10 ||   178
       Mace              |       |    21 ||    21
       Flail             |       |     1 ||     1
 Fire: Hunting sling     |       |   128 ||   128
       Blowgun           |       |     1 ||     1
Throw: Stone             |    37 |       ||    37
Evoke: Wand              |       |     1 ||     1
  Use: Scroll            |     1 |     1 ||     2
 Stab: Sleeping          |     2 |     1 ||     3
  Eat: Chunk             |     8 |    11 ||    19
Armor: Robe              |    40 |     5 ||    45
       Scale mail        |       |    30 ||    30
Dodge: Dodged            |   105 |    37 ||   142
